 Dungeon Crawl Stone Soup version 0.29.1-15-g9cfb28693d (webtiles) character file.

Game seed: 538215568355131488

73 DemonSlayer the Digger (level 4, -3/30 HPs)
             Began as a Demonspawn Earth Elementalist on Mar 13, 2023.
             Killed from afar by an orc wizard (12 damage)
             ... with a puff of flame
             ... on level 3 of the Dungeon.
             The game lasted 00:07:55 (2439 turns).

DemonSlayer the Digger (DsEE)                       Turns: 2439, Time: 00:07:57

Health: -3/30      AC:  2    Str:  9    XL:     4   Next: 8%
Magic:  0/8        EV: 12    Int: 16    God:
Gold:   231        SH:  0    Dex: 15    Spells: 3/9 levels left

rFire   . . .      SeeInvis .   n - +3 dagger (elec)
rCold   . . .      Faith    .   (no shield)
rNeg    . . .      Spirit   .   a - +0 robe
rPois   .          Reflect  .   (no helmet)
rElec   .          Harm     .   (no cloak)
rCorr   .          Rampage  .   (no gloves)
Will    .....                   (no boots)
Stlth   ++........              i - amulet of the acrobat
HPRegen 0.10/turn               e - ring of flight
MPRegen 0.11/turn               (no ring)

@: flying
A: foul stench 1, demonic touch 1
a: no special abilities


You were on level 3 of the Dungeon.
You visited 1 branch of the dungeon, and saw 3 of its levels.

You collected 231 gold pieces.

Inventory:

Hand Weapons
 n - a +3 dagger of electrocution (weapon)
Armour
 a - a +0 robe (worn)
Jewellery
 e - a ring of flight (left hand)
 i - an amulet of the acrobat (around neck)
Wands
 h - a wand of flame (30)
Scrolls
 b - a scroll of silence {unknown}
 c - a scroll of noise {unknown}
 d - a scroll of teleportation {unknown}
 f - a scroll of summoning {unknown}
 j - a scroll of acquirement {unknown}
 k - a scroll of vulnerability {unknown}
 o - a scroll of butterflies {unknown}
 p - a scroll of amnesia {unknown}
Potions
 g - 2 potions of haste {unknown}
 l - a potion of curing
 m - a potion of heal wounds


   Skills:
 + Level 0.1 Short Blades
 + Level 2.0 Dodging
 + Level 2.0 Stealth
 + Level 0.3 Unarmed Combat
 + Level 3.1 Spellcasting
 + Level 0.8 Transmutations
 + Level 3.3 Earth Magic


You had 3 spell levels left.
You knew the following spells:

 Your Spells              Type           Power      Damage    Failure   Level
a - Sandblast             Erth           26%        2d8       4%          1
b - Passwall              Tmut/Erth      7%         N/A       12%         2
c - Stone Arrow           Conj/Erth      14%        3d7       28%         3

Your spell library contained the following spells:

 Spells                   Type           Power      Damage    Failure   Level
 Ensorcelled Hibernation  Hex/Ice        4%         N/A       28%         2
 Ignite Poison            Fire/Tmut/Pois 3%         N/A       45%         3
 Conjure Flame            Conj/Fire      2%         6-21      50%         3
 Mephitic Cloud           Conj/Pois/Air  2%         N/A       50%         3
 Swiftness                Air            2%         N/A       50%         3
 Petrify                  Tmut/Erth      9%         N/A       61%         4
 Sticky Flame             Conj/Fire      2%         2d3       88%         4
 Freezing Cloud           Conj/Ice/Air   1%         6-21      99%         5


Dungeon Overview and Level Annotations

Branches:
Dungeon (3/15)

Altars:
Gozag
Xom


Innate Abilities, Weirdness & Mutations

You may rarely emit foul miasma when damaged in melee.
Your touch may inflict minor irresistible damage on your foes.


Message History

The orc is lightly wounded.
The blast of sand hits the orc but does no damage.
The orc is lightly wounded.
The blast of sand hits the orc.
The orc is heavily wounded.
The orc completely misses you.
The blast of sand hits the orc but does no damage.
The orc is heavily wounded.
The orc misses you. The orc barely misses you.
The blast of sand hits the orc.
You kill the orc!
The orc hits you with a +0 hand axe. The orc hits you but does no damage.
Something hits you.
The blast of sand hits the orc.
The orc is heavily wounded.
Something hits you. The orc closely misses you.
The blast of sand hits the orc.
You kill the orc!
You hear some strange, mumbled words.
A magic dart appears from out of thin air!
The magic dart hits you. Something hits you.
You are too injured to fight recklessly!
You hit something. Your touch misses something. Something hits you.
You barely miss something. Your touch misses something.
You barely miss something.
You touch something.
Something hits you.
* * * LOW HITPOINT WARNING * * *
You hit something but do no damage. Something hits you but does no damage.
You hit something.
You hear some strange, mumbled words.
Something tries to affect you, but you resist.
You closely miss something. Something barely misses you.
Casting: Sandblast (safe; 4% risk of failure)
Confirm with . or Enter, or press ? or * to list all spells.
Aiming: Sandblast (safe; 4% risk of failure)
Press: ? - help, Shift-Dir - straight line Something barely misses you.
You hear some strange, mumbled words.
A puff of flame appears from out of thin air!
The puff of flame hits you!
You die...

#.# #.#####
#.#... #.#..#
#.#..# #.#..#
#######)#..###(#
#......@{.......
#.#######.......
#.# ..##### #.#
.... #.# ..#.#
#.# ..#.# #...
#.# ... . #...
#.# ... . ....
#†# #.# .. #..#


There were no monsters in sight!

Vanquished Creatures
  2 adders (D:2)
  A dart slug (D:3)
  2 orcs (D:3)
  3 endoplasms (D:2)
  4 goblins
  9 hobgoblins
  4 jackals (D:1)
  A quokka (D:3)
  5 ball pythons
  5 bats
  4 kobolds
  8 rats
48 creatures vanquished.

Notes
Turn   | Place    | Note
-------+----------+-------------------------------------------
     0 | D:1      | DemonSlayer the Demonspawn Earth Elementalist began the
                  | quest for the Orb.
     0 | D:1      | Reached XP level 1. HP: 13/13 MP: 3/3
   378 | D:1      | Gained mutation: You may rarely emit foul miasma when
                  | damaged in melee. [demonic ancestry]
   378 | D:1      | Reached XP level 2. HP: 16/19 MP: 1/5
   729 | D:1      | Learned a level 2 spell: Passwall
   792 | D:2      | Found a shimmering altar of Xom.
   981 | D:2      | Identified the +0 leather armour of the Nurturing Gods
                  | {Dex+2 Slay+3 Stlth+}
  1126 | D:2      | Gained mutation: Your touch may inflict minor irresistible
                  | damage on your foes. [demonic ancestry]
  1126 | D:2      | Reached XP level 3. HP: 24/24 MP: 1/6
  1875 | D:2      | Found a faded altar of an unknown god.
  2002 | D:2      | Learned a level 3 spell: Stone Arrow
  2183 | D:3      | Found an opulent altar of Gozag.
  2388 | D:3      | Reached XP level 4. HP: 30/30 MP: 6/8
  2439 | D:3      | Killed from afar by an orc wizard

Illustrated notes

Levels and vault maps discovered:
D:1:      zelgadis_glass_arrival_small, layout_rooms
D:2:      minmay_recursive_quarters, layout_loops_corners, basic_altar,
          ebering_ecumenical_altar_box
D:3:      layout_loops_ring, nicolae_gozag_cash_rules_everything_around_me

Skill      XL: |  1  2  3 |
---------------+----------+-----
Earth Magic    | 3 |  3.3
Stealth        | 2 |  2.0
Spellcasting   | 3 |  3.1
Dodging        | 2 |  2.0
Short Blades   | |  0.1
Unarmed Combat | |  0.3
Transmutations | |  0.8

Action                   |  1- 3 |  4- 6 || total
-------------------------+-------+-------++-------
Melee: Unarmed           |     9 |       ||     9
       Dagger            |    18 |     6 ||    24
       Touch             |       |     1 ||     1
 Cast: Sandblast         |    56 |    10 ||    66
  Use: Potion            |     2 |       ||     2
       Scroll            |     5 |       ||     5
 Stab: Sleeping          |     3 |       ||     3
Armor: Robe              |     7 |     2 ||     9
Dodge: Dodged            |    60 |     6 ||    66
